 Dungeon Crawl Stone Soup version 0.29-b1-12-g9e2288ab2a (webtiles) character file.

Game seed: 5334663847075204983

333 worthlessgem the Vexing (level 6, -1/27 HPs)
             Began as a Felid Transmuter on Aug 24, 2022.
             Slain by a gnoll bouda
             ... wielding a +0 club
              (7 damage)
             ... on level 4 of the Dungeon.
             The game lasted 00:32:24 (8093 turns).

worthlessgem the Vexing (Felid Transmuter)          Turns: 8093, Time: 00:32:24

Health: -1/27      AC:  2    Str:  8    XL:     6   Next: 27%
Magic:  10/10      EV: 20    Int: 15    God:
Gold:   150        SH:  0    Dex: 21    Spells: 1/9 levels left
                                        Lives:  0   Deaths: 1

rFire   . . .      SeeInvis +     - Unarmed
rCold   . . .      Faith    .   (shield unavailable)
rNeg    . . .      Spirit   .   (body armour unavailable)
rPois   x          Reflect  .   (helmet unavailable)
rElec   .          Harm     .   (cloak unavailable)
rCorr   .          Rampage  .   (gloves unavailable)
Will    .....                   (boots unavailable)
Stlth   +.........              (no amulet)
HPRegen 0.09/turn               (no ring)
MPRegen 0.12/turn               (no ring)

@: confused, spider-form (expiring), ambrosia-drunk
A: venomous fangs, tiny, (claws 1), (fangs 3), see invisible, (speed 1), (shaggy
fur 2), (stealthy paws), no weapons or thrown items, no armour, multi-lived
a: End Transformation


You were on level 4 of the Dungeon.
You were a venomous arachnid creature.
You visited 1 branch of the dungeon, and saw 4 of its levels.

You collected 150 gold pieces.

Inventory:

Jewellery
 m - an amulet of reflection
Wands
 a - a wand of paralysis (7)
Scrolls
 b - a scroll of blinking
 d - a scroll of torment
 e - 2 scrolls of teleportation
 f - a scroll of noise
 g - a scroll of poison
Potions
 i - a potion of ambrosia
 j - a potion of berserk rage {unknown}
 l - 2 potions of might {unknown}


   Skills:
 - Level 2.9 Fighting
 - Level 2.6 Dodging
 - Level 4.1 Unarmed Combat
 - Level 2.0 Spellcasting
 - Level 4.4 Hexes
 - Level 2.4 Necromancy
 + Level 3.2 Transmutations
 + Level 1.7 Poison Magic


You had one spell level left.
You knew the following spells:

 Your Spells              Type           Power      Damage    Failure   Level
a - Beastly Appendage     Tmut           22%        N/A       17%         1
b - Wereblood             Tmut           11%        N/A       22%         2
c - Slow                  Hex            56%        N/A       12%         1
d - Necrotise             Necr           32%        1d5       22%         1
e - Spider Form           Tmut/Pois      8%         N/A       45%         3

Your spell library contained the following spells:

 Spells                   Type           Power      Damage    Failure   Level
 Confusing Touch          Hex            14%        N/A       26%         3
 Vampiric Draining        Necr           8%         2d6       47%         3
 Ignite Poison            Fire/Tmut/Pois 6%         N/A       56%         3
 Conjure Flame            Conj/Fire      1%         6-21      75%         3
 Ice Form                 Ice/Tmut       6%         N/A       89%         4
 Sticky Flame             Conj/Fire      1%         2d3       98%         4
 Agony                    Necr           8%         N/A       98%         5


Dungeon Overview and Level Annotations

Branches:
Dungeon (4/15)
 Temple: D:4-7

Altars:
Hepliaklqana


Innate Abilities, Weirdness & Mutations

You are a venomous arachnid creature.
You have poisonous fangs.
You are tiny and dextrous.
Your spellcasting is less reliable in this form.
((You have sharp claws.))
((You have razor-sharp teeth.))
You have supernaturally acute eyesight. (SInv)
((You cover ground quickly. (Speed+)))
((You are covered in thick fur. (AC +2)))
((Your paws help you pounce on unaware monsters.))
You are incapable of wielding weapons or throwing items.
You cannot wear armour.
You gain extra lives every three experience levels.


Message History

Casting: Beastly Appendage (safe; 6% risk of failure)
Confirm with . or Enter, or press ? or * to list all spells.
Aiming: Slow (safe; 3% risk of failure)
Press: ? - help, Shift-Dir - straight line, f - gnoll bouda
Aim: a gnoll bouda, wielding a +0 club, wearing a +0 leather armour and carrying a wand of roots (7) (chance to affect: 53%)
Okay, then.
Unknown command.
Casting: Slow (safe; 3% risk of failure)
Confirm with . or Enter, or press ? or * to list all spells.
The spell is extremely dangerous to miscast (24% risk of failure)!
Continue anyway?
You turn into a venomous arachnid creature.
Casting: Spider Form (extremely dangerous; 45% risk of failure)
Confirm with . or Enter, or press ? or * to list all spells.
Aiming: Necrotise (safe; 22% risk of failure)
Press: ? - help, Shift-Dir - straight line, f - gnoll bouda
Aim: a gnoll bouda, wielding a +0 club, wearing a +0 leather armour and carrying a wand of roots (7) (chance to affect: 59%)
The gnoll bouda resists with significant effort.
The gnoll bouda zaps a wand.
The roots erupt in riotous growth!
The grasping roots grab you!
The gnoll bouda is unaffected.
The grasping roots constrict you!
You hear a bark!
You barely miss the gnoll bouda. The gnoll bouda completely misses you.
The grasping roots constrict you.
You hit the gnoll bouda.
The gnoll bouda is poisoned.
The gnoll bouda is moderately wounded.
The gnoll bouda hits you with a +0 club.
* * * LOW HITPOINT WARNING * * *
The grasping roots constrict you.
* * * LOW HITPOINT WARNING * * *
You hit the gnoll bouda but do no damage.
The gnoll bouda is moderately wounded.
The gnoll bouda barely misses you. The grasping roots constrict you.
* * * LOW HITPOINT WARNING * * *
The grasping roots release their grip on you.
It was a potion of ambrosia.
You are confused.
You feel invigorated.
Your transformation is almost over.
The gnoll bouda hits you with a +0 club!
You die...

#.#........#.#)..)##......#
#......##....'............#
#....#.#####.#...####.....#
#.#..#.## #.#...# #.###.#
#>......# #.##### ### #.#
###>...## ##.## #.# ###.#.#
#...# #.# #.....## #.<.#
#.# #####..# #.s.#
#######.# #..###.g.#
#......(# #........#
#.#######
########.######.#####.#
#.....J.......#.......#
#.#####..#######...#### #.
#..#######.#.###
#.#####..........#...## #..
..#)####.#.#.###g.##


You could see a gnoll bouda (very poisoned).

Vanquished Creatures
  A necrophage (D:4)
  2 hounds
  An iguana (D:4)
  Robin (D:4)
  3 gnolls (D:3)
  12 adders
  An ufetubus (D:3)
  A worm (D:2)
  4 dart slugs
  5 endoplasms
  3 giant cockroaches
  7 goblins
  15 hobgoblins
  5 quokkas
  8 ball pythons
  6 bats
  3 frilled lizards
  4 kobolds
  2 rats
84 creatures vanquished.

Notes
Turn   | Place    | Note
-------+----------+-------------------------------------------
     0 | D:1      | worthlessgem the Felid Transmuter began the quest for the
                  | Orb.
     0 | D:1      | Reached XP level 1. HP: 9/9 MP: 4/4
   265 | D:1      | Found a faded altar of an unknown god.
   727 | D:1      | Reached XP level 2. HP: 12/12 MP: 6/6
   730 | D:1      | Learned a level 2 spell: Wereblood
  1667 | D:2      | Reached XP level 3. HP: 9/16 MP: 5/7
  2730 | D:2      | Reached XP level 4. HP: 16/20 MP: 6/8
  2734 | D:2      | Learned a level 1 spell: Slow
  2843 | D:2      | Reached skill level 1 in Hexes
  3140 | D:3      | HP: 1/30 [poisoned by an adder]
  3141 | D:3      | Succumbed to an adder's poison
  3142 | D:3      | Reached XP level 3. HP: 0/24 MP: 7/7
  3212 | D:3      | Found a hazy altar of Hepliaklqana.
  3502 | D:3      | Learned a level 1 spell: Necrotise
  4154 | D:3      | Reached skill level 1 in Necromancy
  4154 | D:3      | Reached XP level 4. HP: 20/20 MP: 4/8
  6084 | D:3      | HP: 1/20 [ufetubus (5)]
  6087 | D:3      | Reached XP level 5. HP: 24/24 MP: 5/9
  6185 | D:4      | Noticed Robin
  6198 | D:3      | Learned a level 3 spell: Spider Form
  6752 | D:4      | Killed Robin
  7031 | D:3      | Reached skill level 1 in Poison Magic
  7205 | D:3      | Gained mutation: You are covered in thick fur. (AC +2)
                  | [Felid growth]
  7205 | D:3      | Reached XP level 6. HP: 27/27 MP: 5/10
  7567 | D:3      | Found a hazy altar of Hepliaklqana.
  8092 | D:4      | HP: 1/27 [constriction (3)]
  8093 | D:4      | Slain by a gnoll bouda

Illustrated notes

Levels and vault maps discovered:
D:1:      lightli_arrival_farm, layout_loops_corners,
          hellmonk_ecumenical_altar_leap_of_faith
D:2:      kennysheep_six_static_rooms, layout_basic
D:3:      layout_basic, nicolae_overflow_crystal_walls, minmay_snake_closets
D:4:      cheibrodos_greedy_goblins, layout_basic, mainiacjoe_overflow_paths,
          minmay_crystal_room, uniq_robin

Skill      XL: |  1  2  3  4  5  6 |
---------------+-------------------+-----
Fighting       | 2 |  2.9
Unarmed Combat | 4 |  4.1
Hexes          | 3 4 |  4.4
Necromancy     | 1 2 |  2.4
Poison Magic   | 1 |  1.7
Transmutations | 3 |  3.2
Dodging        | |  2.6
Spellcasting   | |  2.0

Action                   |  1- 3 |  4- 6 || total
-------------------------+-------+-------++-------
Melee: Unarmed           |   133 |   122 ||   255
       Bite              |    12 |     8 ||    20
       Headbutt          |    12 |    13 ||    25
       Punch             |     1 |     3 ||     4
 Cast: Beastly Appendage |    25 |    16 ||    41
       Slow              |    12 |    52 ||    64
       Necrotise         |     9 |    15 ||    24
       Spider Form       |       |     5 ||     5
  Use: Potion            |     2 |     4 ||     6
       Scroll            |       |     6 ||     6
 Stab: Sleeping          |     2 |     4 ||     6
Armor: Skin              |    11 |     5 ||    16
Dodge: Dodged            |   100 |   103 ||   203
